[Event "Manhem GM 2012"]
[Site "www.ssmanhem.se"]
[Date "2012.08.12"]
[Round "3"]
[White "Berg, Emanuel"]
[Black "Frisk Kockum, Anton"]
[Result "1-0"]
[ECO "B31"]
[WhiteElo "2576"]
[BlackElo "2329"]
[PlyCount "129"]
[EventDate "2012.??.??"]
[TimeControl "6000+1175"]
[WhiteClock "1:27:33"]
[BlackClock "0:00:32"]

1. e4 c5 2. Nf3 Nc6 3. Bb5 g6 4. Bxc6 dxc6 5. h3 Bg7 6. d3 b6 7. O-O Nh6 8. Nc3
f6 9. Be3 Nf7 10. Qd2 O-O 11. Nh2 e5 12. Rae1 Be6 13. b3 Qd7 14. f4 Rae8 15.
Nf3 exf4 16. Bxf4 f5 17. exf5 Bxf5 18. Rxe8 Rxe8 19. Re1 h6 20. Rxe8+ Qxe8 21.
Nd1 g5 22. Bg3 Bg6 23. Ne3 Qe6 24. Nc4 b5 25. Qe3 Qxe3+ 26. Nxe3 a6 27. Bc7 Bf8
28. Kf1 Be7 29. Ke2 Kf8 30. c4 h5 31. Nd2 Ke8 32. Bb8 Kd7 33. Ne4 Kc8 34. Bh2
Kd7 35. Bb8 Kc8 36. Bh2 Kd7 37. Nf1 Ke6 38. Nfd2 Ne5 39. Bg1 g4 40. hxg4 hxg4
41. Bxc5 bxc4 42. bxc4 Bd8 43. Bf2 Be7 44. Bc5 Bd8 45. Ke3 Bc7 46. Nb3 g3 47.
Bd4 Ng4+ 48. Ke2 Bh5 49. Nbc5+ Kf5 50. Kf1 a5 51. a4 Bf4 52. Nb3 Ne5 53. Nec5
Ng4 54. Nxa5 Nh2+ 55. Kg1 Be2 56. Nab3 Kg4 57. a5 Nf3+ 58. gxf3+ Kh3 59. Ne4
Bxd3 60. a6 Bxe4 61. fxe4 g2 62. Kf2 Kh2 63. Kf3 c5 64. Bxc5 Kh1 65. Kxf4 1-0

[Event "Manhem GM 2012"]
[Site "www.ssmanhem.se"]
[Date "2012.08.12"]
[Round "3"]
[White "Nybäck, Tomi"]
[Black "Rozentalis, Eduardas"]
[Result "1/2-1/2"]
[ECO "E18"]
[WhiteElo "2638"]
[BlackElo "2585"]
[PlyCount "60"]
[EventDate "2012.??.??"]
[TimeControl "6000+1265"]
[WhiteClock "0:25:11"]
[BlackClock "1:30:30"]

1. d4 Nf6 2. c4 e6 3. Nf3 b6 4. g3 Bb7 5. Bg2 Be7 6. Nc3 Ne4 7. Bd2 Nxc3 8.
Bxc3 Be4 9. O-O O-O 10. Bh3 Bxf3 11. exf3 d5 12. f4 Nd7 13. f5 exf5 14. Bxf5
Nf6 15. Re1 c6 16. Qa4 Qc7 17. Rac1 dxc4 18. Qxc4 b5 19. Qd3 g6 20. Bh3 Nd5 21.
Bd2 Rad8 22. Bg2 Bf6 23. Bh6 Bg7 24. Bxg7 Kxg7 25. a3 Rd6 26. Rc5 Qd7 27. Rec1
Rd8 28. Bxd5 Rxd5 29. Rxc6 Qg4 30. Rc7 Rxd4 1/2-1/2

[Event "Manhem GM 2012"]
[Site "www.ssmanhem.se"]
[Date "2012.08.12"]
[Round "3"]
[White "Henrichs, Thomas"]
[Black "Bejtovic, Jasmin"]
[Result "1-0"]
[ECO "D32"]
[WhiteElo "2493"]
[BlackElo "2393"]
[PlyCount "83"]
[EventDate "2012.??.??"]
[TimeControl "6000+690"]
[WhiteClock "1:30:18"]
[BlackClock "0:38:43"]

1. d4 d5 2. c4 e6 3. Nf3 c5 4. cxd5 exd5 5. Nc3 Nc6 6. dxc5 d4 7. Na4 Bxc5 8.
Nxc5 Qa5+ 9. Bd2 Qxc5 10. Rc1 Qb6 11. e3 dxe3 12. Bxe3 Qa5+ 13. Bd2 Qd8 14. Bc4
Nf6 15. Qe2+ Qe7 16. Qxe7+ Kxe7 17. O-O Be6 18. Rfe1 Rhd8 19. Bc3 Rd6 20. Ng5
h6 21. Nxe6 fxe6 22. b4 Kf7 23. b5 Nd8 24. Be5 Rd7 25. Bb3 a6 26. b6 Nd5 27. f4
g6 28. Ba4 Nc6 29. Rxc6 bxc6 30. Bxc6 Nxb6 31. Rb1 Rc8 32. Rxb6 Rd1+ 33. Kf2
Rd2+ 34. Kg3 Rxa2 35. Bd7 Ra3+ 36. Kg4 Rc2 37. Bxe6+ Ke8 38. Bd5 g5 39. Kf5 Ra5
40. Rb8+ Kd7 41. Be6+ Ke7 42. Rb7+ 1-0

[Event "Manhem GM 2012"]
[Site "www.ssmanhem.se"]
[Date "2012.08.12"]
[Round "3"]
[White "Nithander, Victor"]
[Black "Tikkanen, Hans"]
[Result "1/2-1/2"]
[ECO "A29"]
[WhiteElo "2438"]
[BlackElo "2570"]
[PlyCount "67"]
[EventDate "2012.??.??"]
[TimeControl "6000+1150"]
[WhiteClock "1:30:27"]
[BlackClock "0:00:17"]

1. c4 e5 2. g3 Nf6 3. Bg2 d5 4. cxd5 Nxd5 5. Nc3 Be6 6. Nf3 Nc6 7. O-O Nb6 8.
d3 Be7 9. Be3 O-O 10. Rc1 Re8 11. a3 f6 12. Ne4 a5 13. Bc5 Nd7 14. Bxe7 Qxe7
15. d4 Rad8 16. e3 Kh8 17. Re1 Nb6 18. Nc5 Bc8 19. Qb3 exd4 20. exd4 Qd6 21.
Red1 Qd5 22. Qc3 Qh5 23. Nh4 Nd5 24. Qb3 b6 25. Bf3 Qh6 26. Qa4 Nce7 27. Nd3
Ba6 28. Nb4 Bb7 29. Nxd5 Nxd5 30. Re1 Rf8 31. Rc2 g6 32. Rce2 Qg7 33. Qb3 Qd7
34. Bg2 1/2-1/2

[Event "Manhem GM 2012"]
[Site "www.ssmanhem.se"]
[Date "2012.08.12"]
[Round "3"]
[White "Welin, Mats"]
[Black "Semcesen, Daniel"]
[Result "1-0"]
[ECO "C92"]
[WhiteElo "2270"]
[BlackElo "2463"]
[PlyCount "91"]
[EventDate "2012.??.??"]
[TimeControl "6000+2015"]
[WhiteClock "1:30:19"]
[BlackClock "0:21:58"]

1. e4 e5 2. Nf3 Nc6 3. Bb5 a6 4. Ba4 Nf6 5. O-O Be7 6. Re1 b5 7. Bb3 d6 8. c3
O-O 9. h3 a5 10. d4 a4 11. Bc2 Bd7 12. Nbd2 Re8 13. Nf1 h6 14. Ng3 Bf8 15. Nh2
Na5 16. f4 Nc4 17. Qf3 c5 18. fxe5 dxe5 19. d5 Nd6 20. Rf1 Be7 21. Rb1 Rc8 22.
b3 axb3 23. axb3 Nh7 24. Ra1 Qc7 25. Nh5 Kh8 26. Qg3 Bf8 27. Nf3 Re7 28. Nxe5
Nxe4 29. Nxf7+ Rxf7 30. Qxc7 Rxf1+ 31. Kxf1 Rxc7 32. Bxe4 Ng5 33. Bc2 c4 34.
Ra8 Kg8 35. Ba3 Rc8 36. Rxc8 Bxc8 37. Bxf8 Kxf8 38. bxc4 bxc4 39. Kf2 Bb7 40.
Nf4 Ke7 41. Ke3 Kd6 42. Kd4 Nf7 43. Be4 g5 44. Nh5 Bc8 45. Ng3 g4 46. h4 1-0

[Event "Manhem GM 2012"]
[Site "?"]
[Date "2012.08.17"]
[Round "9"]
[White "Nybäck, Tomi"]
[Black "Berg, Emanuel"]
[Result "0-1"]
[ECO "A32"]
[WhiteElo "2638"]
[BlackElo "2576"]
[PlyCount "80"]
[EventDate "2012.??.??"]
[TimeControl "6000+845"]
[WhiteClock "0:00:05"]
[BlackClock "1:30:30"]

1. d4 Nf6 2. c4 e6 3. Nf3 c5 4. g3 cxd4 5. Nxd4 Qc7 6. Nc3 a6 7. Bg2 Qxc4 8.
O-O Nc6 9. Nb3 Qb4 10. e4 Qb6 11. Be3 Qd8 12. Nd5 exd5 13. exd5 Bb4 14. dxc6
bxc6 15. a3 Be7 16. Nd4 O-O 17. Nf5 d5 18. Nxe7+ Qxe7 19. Rc1 Bg4 20. Qa4 Qb7
21. Bd4 Bd7 22. Qc2 Rfe8 23. Qc3 Re6 24. Rfe1 Rae8 25. Rxe6 Rxe6 26. Bh3 Re4
27. Bxd7 Qxd7 28. Bxf6 Rc4 29. Qd2 Rxc1+ 30. Qxc1 gxf6 31. Qf4 Kg7 32. Kf1 c5
33. Qe3 Qb5+ 34. Ke1 a5 35. Kd1 a4 36. Qf4 h5 37. Kc1 Qf1+ 38. Kd2 Qb5 39. Kc1
Qf1+ 40. Kd2 Qb1 0-1

[Event "Manhem GM 2012"]
[Site "?"]
[Date "2012.08.17"]
[Round "9"]
[White "Tikkanen, Hans"]
[Black "Welin, Mats"]
[Result "1-0"]
[ECO "A09"]
[WhiteElo "2570"]
[BlackElo "2270"]
[PlyCount "61"]
[EventDate "2012.??.??"]
[TimeControl "6000+1455"]
[WhiteClock "1:30:27"]
[BlackClock "0:00:39"]

1. Nf3 d5 2. c4 d4 3. g3 Nc6 4. Bg2 e5 5. d3 Nf6 6. O-O a5 7. e3 dxe3 8. Bxe3
Be7 9. Nc3 O-O 10. h3 Bf5 11. d4 exd4 12. Nxd4 Nxd4 13. Bxd4 c6 14. c5 Qd7 15.
g4 Bc2 16. Qxc2 Qxd4 17. Na4 Rad8 18. Rfe1 Qf4 19. Rxe7 Rd2 20. Qf5 Qxa4 21.
Rxb7 Qd4 22. Bxc6 g6 23. Qf3 Rc8 24. Ba4 Rf8 25. Rd1 Rxd1+ 26. Bxd1 Ne4 27. Bb3
Nd2 28. Bxf7+ Kh8 29. Qe3 Ne4 30. c6 Nd6 31. Be6 1-0

[Event "Manhem GM 2012"]
[Site "?"]
[Date "2012.08.17"]
[Round "9"]
[White "Nithander, Victor"]
[Black "Semcesen, Daniel"]
[Result "1-0"]
[ECO "A10"]
[WhiteElo "2438"]
[BlackElo "2463"]
[PlyCount "95"]
[EventDate "2012.??.??"]
[TimeControl "6000+1375"]
[WhiteClock "1:30:27"]
[BlackClock "0:14:08"]

1. c4 b6 2. Nc3 Bb7 3. e4 e5 4. g3 f5 5. Bg2 Nf6 6. d3 fxe4 7. dxe4 Bc5 8. Nh3
Bb4 9. Bd2 d6 10. O-O O-O 11. Ng5 Bxc3 12. Bxc3 Qe7 13. f4 h6 14. Nh3 Nbd7 15.
Qc2 Nc5 16. Rae1 Qe6 17. fxe5 dxe5 18. Rf5 Bxe4 19. Rxf6 Bxc2 20. Rxe6 Nxe6 21.
Rxe5 Rae8 22. Bd5 Rf6 23. Nf4 Kf7 24. Nh5 Rg6 25. Re2 Bd3 26. Re3 Bb1 27. Nf4
Bf5 28. h3 h5 29. Kh2 Re7 30. Re5 Bb1 31. Nxg6 Bxg6 32. b4 Bb1 33. b5 Bxa2 34.
Re1 Bb3 35. g4 hxg4 36. hxg4 Bc2 37. Kg3 Bd3 38. Bb4 Re8 39. Ra1 Kf6 40. Re1
Kf7 41. Re3 Bc2 42. Ra3 Kg6 43. Rxa7 Bd1 44. Ra1 Bc2 45. Re1 Kf7 46. Bd2 Bg6
47. Bf4 Re7 48. Bxc7 1-0